 Dungeon Crawl Stone Soup version 0.22.1-2-g9c5b331 (webtiles) character file.

4218 Gingerlord the Fighter (level 10, -2/64 HPs)
             Began as a Gargoyle Fighter on Oct 6, 2018.
             Was a Believer of the Shining One.
             Slain by a two-headed ogre
             ... wielding a +0 giant spiked club
              (24 damage)
             ... on level 8 of the Dungeon on Dec 16, 2018.
             The game lasted 00:19:21 (7173 turns).

Gingerlord the Fighter (Gargoyle Fighter)           Turns: 7173, Time: 00:19:22

Health: -2/64      AC: 20    Str: 21    XL:     10   Next: 30%
Magic:  11/12      EV:  9    Int:  8    God:    the Shining One [**....]
Gold:   460        SH: 19    Dex: 15    Spells: 9/9 levels left

rFire    . . .     SeeInvis +   a - +1 flail
rCold    . . .     Gourm    .   c - +1 shield
rNeg     + + .     Faith    .   y - +0 chain mail
rPois    ∞         Spirit   .   (no helmet)
rElec    +         Reflect  .   E - +0 cloak
rCorr    .         Harm     .   (no gloves)
MR       .....                  h - +0 pair of boots
Stlth    ..........             (no amulet)
HPRegen  0.20/turn              b - ring of see invisible
MPRegen  0.13/turn              s - +3 ring of dexterity

@: divine shield, glowing
A: negative energy resistance 1, electricity resistance, unbreathing,
petrification resistance, rot immunity, AC +7
a: Divine Shield, Renounce Religion


You were on level 8 of the Dungeon.
You worshipped the Shining One.
The Shining One was pleased with you.
You were not hungry.

You visited 2 branches of the dungeon, and saw 9 of its levels.

You collected 460 gold pieces.

Inventory:

Hand Weapons
 a - a +1 flail (weapon)
Armour
 c - a +1 shield (worn)
 h - a +0 pair of boots (worn)
 y - a +0 chain mail (worn)
 E - a +0 cloak (worn)
Jewellery
 b - a ring of see invisible (left hand)
 s - a +3 ring of dexterity (right hand)
Wands
 F - a wand of disintegration (9)
Scrolls
 e - a scroll of enchant armour
 l - a scroll of magic mapping {unknown}
 m - a scroll of fog
 n - 2 scrolls of amnesia
 p - 3 scrolls of remove curse
 q - a scroll of enchant weapon
 x - 5 scrolls of teleportation
Potions
 g - 4 potions of curing
 i - 4 potions of flight
 k - a potion of heal wounds
 r - 3 potions of cancellation
 v - a potion of resistance {unknown}
 z - 2 potions of ambrosia
 B - a potion of brilliance {unknown}
 D - a potion of mutation {unknown}
Comestibles
 f - 6 rations


   Skills:
 + Level 8.0 Fighting
 + Level 6.8 Maces & Flails
 + Level 7.9 Armour
 - Level 4.6 Dodging
 + Level 7.9 Shields
 + Level 2.8 Invocations


You had 9 spell levels left.
You didn't know any spells.
Your spell library was empty.

Dungeon Overview and Level Annotations

Branches:
Dungeon (8/15)             Temple (1/1) D:6
   Lair: D:8-11

Altars:
Dithmenos
Elyvilon
Gozag
Hepliaklqana
Kikubaaqudgha
Makhleb
Nemelex Xobeh
Okawaru
Qazlal
Ru
Trog
Vehumet
Xom
Yredelemnul
Zin
The Shining One

Annotations:
D:5 2 runed doors, Saba's ghost, novice CeHu
D:7 MetaCosm's ghost, novice MiFi; fortnite's ghost, novice GrFi; frimble's ghost, novice DsFi


Innate Abilities, Weirdness & Mutations

You are resistant to torment.
Your stone body is resilient. (AC +7)
You are immune to poison.
You resist negative energy. (rN+)
You are resistant to electric shocks. (rElec)
You can survive without breathing.
You are immune to petrification.
You are immune to rotting.


Message History

Your Fighting skill increases to level 8!
You hit the two-headed ogre but do no damage.
The two-headed ogre hits you with a giant spiked club.
The two-headed ogre hits you with a dire flail!
You sock the two-headed ogre!
The two-headed ogre is lightly wounded.
The two-headed ogre hits you with a giant spiked club!
The two-headed ogre completely misses you.
You sock the two-headed ogre!
The two-headed ogre is heavily wounded.
You block the two-headed ogre's attack.
The two-headed ogre hits you with a dire flail.
You hit the two-headed ogre.
The two-headed ogre is heavily wounded.
The two-headed ogre hits you with a giant spiked club.
The two-headed ogre barely misses you.
You hit the two-headed ogre.
The two-headed ogre is heavily wounded.
The two-headed ogre hits you with a giant spiked club!!
You die...

######.######.#
...............#
..#####......#.#
##..#+#..# #...# #..#
##..###..# #......##
..# # ##.....# #.#.#
#@##### ##.#. ##O##
... ##[)<## #.#
##.....## ##.##
##......<##
#####...####.........#
.......†...'.........+
###.....####.........#
#.##.## ##.......##


You could see a two-headed ogre.

Vanquished Creatures
  A centaur zombie (D:8)
  The ghost of Spectrina the Slasher, a novice VSAK of Lugonu (D:8)
  A hippogriff (D:7)
  Sigmund (D:4)
  A wyvern (D:8)
  A hungry ghost (D:7)
  An ice beast (D:5)
  An orc warrior (D:5)
  A phantom (D:7)
  4 sky beasts
  4 ogres
  A necrophage (D:6)
  3 bullfrogs
  A wyvern skeleton (D:8)
  A scorpion (D:4)
  4 electric eels (D:7)
  9 wights
  3 howler monkeys (D:8)
  2 bullfrog zombies
  3 crimson imps
  3 orc priests
  A jelly (D:8)
  A hound (D:8)
  Crazy Yiuf (D:5)
  An iguana (D:8)
  Ijyb (D:5)
  Natasha (thrice) (D:4)
  4 worker ants
  5 orc wizards
  A killer bee zombie (D:6)
  A hound zombie (D:7)
  A hound skeleton (D:6)
  6 gnolls
  7 adders
  An adder zombie (D:6)
  4 adder skeletons
  5 worms
  9 dart slugs
  2 leopard geckos
  22 orcs
  7 giant cockroaches
  7 goblins
  6 hobgoblins
  10 jackals
  2 quokkas
  9 bats
  4 frilled lizards
  7 kobolds
  4 rats
  A fungus (D:5)
180 creatures vanquished.

Vanquished Creatures (others)
  A withered plant (D:7)
1 creature vanquished.

Grand Total: 181 creatures vanquished

Notes
Turn   | Place    | Note
-------+----------+-------------------------------------------
     0 | D:1      | Gingerlord the Gargoyle Fighter began the quest for the
                  | Orb.
     0 | D:1      | Reached XP level 1. HP: 14/14 MP: 1/1
     4 | D:1      | Noticed an electric eel
     4 | D:1      | Noticed an electric eel
    68 | D:1      | Reached XP level 2. HP: 17/19 MP: 2/2
   486 | D:2      | Reached XP level 3. HP: 23/23 MP: 3/3
   820 | D:2      | Reached skill level 1 in Dodging
   855 | D:2      | Reached XP level 4. HP: 24/29 MP: 4/4
  1350 | D:3      | Reached skill level 4 in Fighting
  1361 | D:3      | Reached XP level 5. HP: 21/33 MP: 5/5
  1633 | D:4      | Noticed Natasha
  1652 | D:4      | Killed Natasha
  1652 | D:4      | Reached XP level 6. HP: 24/39 MP: 6/6
  2022 | D:4      | Noticed Sigmund
  2039 | D:4      | Killed Sigmund
  2039 | D:4      | Reached XP level 7. HP: 25/44 MP: 7/7
  2044 | D:4      | Reached skill level 5 in Armour
  2045 | D:4      | Reached skill level 5 in Fighting
  2045 | D:4      | Reached skill level 5 in Shields
  2372 | D:4      | Noticed Natasha
  2378 | D:4      | Killed Natasha
  2388 | D:4      | Found a hazy altar of Hepliaklqana.
  2407 | D:4      | Noticed Natasha
  2416 | D:4      | Killed Natasha
  2439 | D:4      | Noticed a fire elemental
  2440 | D:4      | Found a stormy altar of Qazlal.
  2443 | D:4      | Noticed an air elemental
  2443 | D:4      | Noticed a water elemental
  2569 | D:5      | Entered Level 5 of the Dungeon
  2779 | D:5      | Upgraded the game from 0.22.1-1-ga44c0e5 to
                  | 0.22.1-2-g9c5b331
  2811 | D:5      | Reached XP level 8. HP: 42/50 MP: 8/8
  3357 | D:5      | Found a large runed door.
  3357 | D:5      | Found a large runed door.
  3428 | D:5      | Found a sparkling altar of Nemelex Xobeh.
  3442 | D:5      | Noticed Saba's ghost (novice CeHu)
  3523 | D:5      | Noticed Ijyb
  3532 | D:5      | Killed Ijyb
  3766 | D:5      | Found a runed door.
  3770 | D:5      | Noticed Crazy Yiuf
  3779 | D:5      | Killed Crazy Yiuf
  3902 | D:6      | Found an iron altar of Okawaru.
  4141 | D:6      | Found a sacrificial altar of Ru.
  4166 | D:6      | Reached skill level 6 in Fighting
  4240 | D:6      | Reached skill level 5 in Maces & Flails
  4291 | D:6      | Found a staircase to the Ecumenical Temple.
  4335 | Temple   | Entered the Ecumenical Temple
  4499 | Temple   | Became a worshipper of the Shining One
  4821 | D:6      | Reached XP level 9. HP: 51/56 MP: 9/9
  5041 | D:6      | Found a glowing silver altar of Zin.
  5042 | D:6      | Noticed an angel
  5134 | D:6      | Reached * piety under the Shining One
  5629 | D:8      | Reached skill level 7 in Fighting
  5925 | D:7      | Noticed frimble's ghost (novice DsFi)
  5926 | D:7      | Found a runed gate.
  5926 | D:7      | Noticed fortnite's ghost (novice GrFi)
  5927 | D:7      | Found a runed gate.
  5927 | D:7      | Found a runed gate.
  5928 | D:7      | Noticed Spectrina's ghost (novice VSAK)
  6254 | D:7      | Noticed MetaCosm's ghost (novice MiFi)
  6254 | D:7      | Reached ** piety under the Shining One
  6678 | D:7      | Found a white marble altar of Elyvilon.
  6715 | D:8      | Killed Spectrina's ghost
  6715 | D:8      | Reached skill level 1 in Invocations
  6786 | D:8      | Found an opulent altar of Gozag.
  6809 | D:8      | Reached XP level 10. HP: 57/63 MP: 11/11
  6930 | D:8      | Noticed a two-headed ogre
  7168 | D:8      | Reached skill level 8 in Fighting
  7173 | D:8      | Slain by a two-headed ogre

Skill      XL: |  1  2  3  4  5  6  7  8  9 10 |
---------------+-------------------------------+-----
Dodging        | 1 2 3 4 |  4.6
Fighting       | 4 5 6 7 8 |  8.0
Armour         | 4 5 6 7 |  7.9
Shields        | 4 5 6 7 |  7.9
Maces & Flails | 3 4 5 6 |  6.8
Invocations    | 1 2 |  2.8

Action                   |  1- 3 |  4- 6 |  7- 9 | 10-12 || total
-------------------------+-------+-------+-------+-------++-------
Melee: Flail             |   158 |   165 |   558 |   106 ||   987
Invok: Divine Shield     |       |       |     1 |     1 ||     2
  Use: Potion            |       |     1 |     4 |       ||     5
       Scroll            |       |       |    16 |       ||    16
  Eat: Chunk             |       |     4 |    10 |       ||    14
       Ration            |       |       |     3 |     1 ||     4
Armor: Scale mail        |   138 |    91 |    36 |       ||   265
       Chain mail        |       |       |   219 |    48 ||   267
Dodge: Dodged            |    74 |    44 |   158 |    31 ||   307
Block: Shield            |   116 |    90 |   280 |    80 ||   566
